 Dungeon Crawl Stone Soup version 0.24-a0-203-gf0bc1e9 (webtiles) character file.

Game seed: 5491174562079439241

457 Ijustatesigmund the Chopper (level 7, 0/48 HPs)
             Began as an Octopode Fighter on Mar 27, 2019.
             Slain by a mummy (20 damage)
             ... in an ossuary.
             The game lasted 00:07:55 (3363 turns).

Ijustatesigmund the Chopper (Octopode Fighter)      Turns: 3363, Time: 00:07:56

Health: 0/48       AC:  1    Str: 16    XL:     7   Next: 6%
Magic:  7/7        EV: 13    Int: 10    God:
Gold:   206        SH: 10    Dex: 13    Spells: 6/6 levels left

rFire    . . .     SeeInvis .   o - +0 mace (holy)
rCold    . . .     Gourm    .   b - +1 shield
rNeg     . . .     Faith    .   (helmet restricted)
rPois    .         Spirit   .   (no amulet)
rElec    .         Reflect  .   e - ring of protection from magic
rCorr    .         Harm     .   (no ring)
MR       +....                  (no ring)
Stlth    ++........             (no ring)
HPRegen  0.16/turn              (no ring)
MPRegen  0.10/turn              (no ring)
                                (no ring)
                                (no ring)

@: hasted, very quick
A: almost no armour, stealthy swim, amphibious, 8 rings, constrict 8, camouflage
1, gelatinous body 1
a: no special abilities


You were in an ossuary.
You were not hungry.

You visited 1 branch of the dungeon, and saw 5 of its levels.
You also visited: Ossuary.

You collected 206 gold pieces.

Inventory:

Hand Weapons
 a - a +0 war axe
 o - a +0 mace of holy wrath (weapon)
Armour
 b - a +1 shield (worn)
Jewellery
 e - a ring of protection from magic (left tentacle)
Wands
 f - a wand of polymorph (7)
Scrolls
 l - a scroll of remove curse
 p - 2 scrolls of teleportation
Potions
 c - a potion of degeneration {unknown}
 g - 2 potions of curing
 h - 3 potions of lignification
 i - a potion of haste
 j - a potion of agility
 k - a potion of brilliance {unknown}
 n - a potion of mutation {unknown}
Comestibles
 d - 11 rations


   Skills:
 + Level 4.3 Fighting
 + Level 5.0 Axes
 + Level 4.3 Dodging
 + Level 4.2 Shields


You had 6 spell levels left.
You didn't know any spells.
Your spell library was empty.

Dungeon Overview and Level Annotations

Branches:
Dungeon (5/15)
 Temple: D:4-7

Altars:
Dithmenos
Nemelex Xobeh
Trog


Innate Abilities, Weirdness & Mutations

You cannot wear most types of armour.
You are very stealthy in the water. (Stealth+)
You are amphibious.
You can wear up to eight rings at the same time.
You can use your tentacles to constrict eight enemies at once.
Your skin changes colour to match your surroundings (Stealth+).
Your rubbery body absorbs attacks. (AC +1, EV +1)


Message History

You squeeze the mummy.
The mummy is moderately damaged.
You hit the mummy.
The mummy convulses.
You grab the mummy. You squeeze the mummy!
The mummy is almost destroyed.
You constrict the mummy.
You destroy the mummy!
The mummy hits you!
* * * LOW HITPOINT WARNING * * *
You feel better.
You hit the mummy.
The mummy convulses.
You grab the mummy.
The mummy is moderately damaged.
You constrict the mummy. The mummy barely misses you.
You hit the mummy.
The mummy convulses.
You squeeze the mummy.
The mummy is heavily damaged.
You constrict the mummy. You hit the mummy.
The mummy convulses.
You grab the mummy.
The mummy is heavily damaged.
You constrict the mummy. x2; The mummy hits you.
The mummy hits you!!
You die...

.....M.M..Z.
...........
#........
#...Z..
#....#
#....#
#...Z#
#..MM#
#...@#
#....#
#....#
#....#
#.∩∩.#
######


You could see 2 mummies, a kobold zombie and an orc zombie.

Vanquished Creatures
  An ice beast (D:5)
  A jelly (D:5)
  A hound (D:5)
  An orc priest (D:4)
  Natasha (twice) (D:3)
  An orc wizard (D:4)
  A worker ant (D:3)
  A big kobold zombie (Ossuary)
  2 mummies (Ossuary)
  2 adders
  4 oozes
  A worm (D:1)
  A leopard gecko (D:3)
  4 orcs
  2 bats
  5 giant cockroaches
  9 goblins
  3 hobgoblins (D:1)
  21 jackals
  5 kobolds
  A quokka (D:4)
  6 frilled lizards
  A giant cockroach zombie (D:5)
  4 kobold zombies (Ossuary)
  A leopard gecko zombie (D:5)
  13 rats
94 creatures vanquished.

Notes
Turn   | Place    | Note
-------+----------+-------------------------------------------
     0 | D:1      | Ijustatesigmund the Octopode Fighter began the quest for
                  | the Orb.
     0 | D:1      | Reached XP level 1. HP: 16/16 MP: 1/1
    52 | D:1      | Reached XP level 2. HP: 14/21 MP: 2/2
   248 | D:1      | Reached skill level 3 in Axes
   439 | D:1      | Reached XP level 3. HP: 23/26 MP: 3/3
   533 | D:1      | Found a runed translucent door.
   887 | D:2      | Found a bloodstained altar of Trog.
  1084 | D:2      | Reached skill level 4 in Axes
  1156 | D:2      | Reached XP level 4. HP: 27/31 MP: 4/4
  1965 | D:3      | Noticed Natasha
  1969 | D:3      | Reached XP level 5. HP: 22/36 MP: 5/5
  1973 | D:3      | Killed Natasha
  2323 | D:3      | Noticed Natasha
  2329 | D:3      | Killed Natasha
  2805 | D:4      | Reached XP level 6. HP: 18/43 MP: 6/6
  2864 | D:5      | Entered Level 5 of the Dungeon
  2975 | D:5      | Found a sparkling altar of Nemelex Xobeh.
  3033 | D:5      | Noticed an ice beast
  3046 | D:5      | Killed an ice beast
  3079 | D:5      | Noticed an ice beast
  3087 | D:5      | HP: 2/43 [acid (8)]
  3112 | D:5      | Found a shadowy altar of Dithmenos.
  3182 | D:5      | Found a sand-covered staircase.
  3247 | Ossuary  | Entered an ossuary
  3333 | Ossuary  | Reached skill level 5 in Axes
  3333 | Ossuary  | Reached XP level 7. HP: 22/48 MP: 7/7
  3363 | Ossuary  | Slain by a mummy

Levels and vault maps discovered:
D:1:      dpeg_arrival_caged_fury, layout_basic, serial_glass, glass_columns_a,
          glass_columns_b
D:2:      layout_rooms, trog_three_pillars_becter
D:3:      layout_rooms, minmay_diced_spiral, uniq_natasha
D:4:      layout_basic, first_ration, uniq_edmund
D:5:      layout_gridville, nemelex_xobeh_ov_fountains_minmay, enter_ossuary_2,
          grunt_dithmenos_smoke_and_mirrors
Ossuary:  ossuary_tomb_3

Skill      XL: |  1  2  3  4  5  6 |
---------------+-------------------+-----
Axes           | 3 4 5 |  5.0
Fighting       | 4 |  4.3
Dodging        | 4 |  4.3
Shields        | 4 |  4.2

Action                   |  1- 3 |  4- 6 |  7- 9 || total
-------------------------+-------+-------+-------++-------
Melee: War axe           |    61 |    82 |       ||   143
       Constrict         |    13 |    20 |     4 ||    37
       Tentacles         |    12 |    18 |     3 ||    33
       Mace              |       |    11 |     7 ||    18
  Use: Scroll            |     6 |     5 |       ||    11
       Potion            |       |     6 |     1 ||     7
 Stab: Sleeping          |     3 |       |       ||     3
  Eat: Chunk             |       |     3 |       ||     3
       Ration            |       |     2 |       ||     2
Armor: Skin              |     3 |     4 |       ||     7
Dodge: Dodged            |    34 |    35 |     2 ||    71
Block: Shield            |    36 |    34 |     1 ||    71

Table legend:
 A = Non-vault XP
 B = Vault XP
 C = Vault XP percentage of total XP
 D = Non-vault monster count
 E = Vault monster count
 F = Vault count percentage of total count
                 A         B        C        D         E       F
            +---------+---------+-------+---------+---------+-------
      Total |     469 |     184 |  28.2 |      65 |      29 |  30.9
            +---------+---------+-------+---------+---------+-------
        D:1 |      47 |      21 |  30.9 |      25 |      10 |  28.6
        D:2 |      19 |      23 |  54.8 |       5 |       7 |  58.3
        D:3 |      73 |      75 |  50.7 |      17 |       5 |  22.7
        D:4 |      98 |       0 |   0.0 |      11 |       0 |   0.0
        D:5 |     232 |       0 |   0.0 |       7 |       0 |   0.0
    Ossuary |       0 |      65 | 100.0 |       0 |       7 | 100.0
            +---------+---------+-------+---------+---------+-------
